 Dungeon Crawl Stone Soup version 0.29-a0-561-ga02bf68b3c (webtiles) character file.

Game seed: 13466804179138892364

3055 KristoblXynda the Fighter (level 10, -1/66 HPs)
             Began as a Kobold Berserker on June 11, 2022.
             Was a Believer of Trog.
             Slain by a spriggan
             ... wielding a +0 trident
              (14 damage)
             ... in a bailey.
             The game lasted 00:07:41 (8900 turns).

KristoblXynda the Fighter (Kobold Berserker)        Turns: 8900, Time: 00:07:41

Health: -1/66      AC:  8    Str: 16    XL:     10   Next: 11%
Magic:  10/10      EV: 16    Int: 11    God:    Trog [**....]
Gold:   297        SH:  5    Dex: 15    Spells: 9/9 levels left

rFire   . . .      SeeInvis .   a - +0 short sword
rCold   . . .      Faith    .   (no shield)
rNeg    . . .      Spirit   .   j - +0 ring mail
rPois   +          Reflect  +   (no helmet)
rElec   .          Harm     .   u - scarf {shadows}
rCorr   +          Rampage  .   o - +0 pair of gloves
Will    .....                   t - +0 pair of boots
Stlth   ++++......              v - amulet "Iblunal" {Reflect +Inv rPois SH+5}
HPRegen 0.21/turn               w - ring of resist corrosion
MPRegen 0.12/turn               (no ring)

@: on berserk cooldown, slowed, studying Fighting, very slow
A: small, no large weapons, nightstalker 3
a: Renounce Religion, Evoke Invisibility, Berserk, Trog's Hand


You were in a bailey.
You worshipped Trog.
Trog was pleased with you.
You visited 2 branches of the dungeon, and saw 8 of its levels.
You also visited: Bailey.

You collected 297 gold pieces.

Inventory:

Hand Weapons
 a - a +0 short sword (weapon)
Armour
 j - a +0 ring mail (worn)
 o - a +0 pair of gloves (worn)
 t - a +0 pair of boots (worn)
 u - a scarf of shadows (worn)
Jewellery
 v - the amulet "Iblunal" (around neck) {Reflect +Inv rPois SH+5}
   (You found it on level 5 of the Dungeon)

   [amulet of reflection]

   It reflects blocked missile attacks.
   rPois:     It protects you from poison.
   +Inv:      It lets you turn invisible.
   SH:        It affects your SH (+5).
 w - a ring of resist corrosion (left hand)
Wands
 D - a wand of iceblast (9)
Scrolls
 b - a scroll of teleportation
 e - 7 scrolls of blinking
 f - 2 scrolls of immolation
 g - a scroll of enchant armour {unknown}
Potions
 c - a potion of ambrosia {unknown}
 d - 2 potions of brilliance
 h - 3 potions of heal wounds {unknown}
 i - 2 potions of invisibility {unknown}
 k - 2 potions of might
 n - a potion of mutation {unknown}
 p - 3 potions of flight {unknown}
 q - 2 potions of haste
 z - a potion of degeneration {unknown}
 A - a potion of curing


   Skills:
 + Level 9.5 Fighting
 + Level 8.9 Short Blades
 + Level 5.1 Armour
 + Level 7.6 Dodging
 + Level 8.4 Stealth


You had 9 spell levels left.
You didn't know any spells.
Your spell library contained the following spells:

 Spells                   Type           Power      Damage    Failure   Level
 Static Discharge         Conj/Air       0%         N/A       67%         2
 Gell's Gravitas          Tloc           0%         N/A       88%         3
 Lesser Beckoning         Tloc           0%         N/A       88%         3
 Teleport Other           Tloc           0%         N/A       88%         3
 Animate Dead             Necr           0%         N/A       99%         4
 Lightning Bolt           Conj/Air       0%         1d11      100%        5
 Haunt                    Necr/Summ      0%         N/A       100%        7
 Infestation              Necr           0%         N/A       100%        8
 Maxwell's Capacitive Co  Air            0%         ∞         100%        8


Dungeon Overview and Level Annotations

Branches:
Dungeon (7/15)             Temple (1/1) D:5          Bailey (1/1)

Altars:
Ashenzari
Cheibriados
Dithmenos
Elyvilon
Gozag
Hepliaklqana
Kikubaaqudgha
Makhleb
Sif Muna
Trog
Uskayaw
Vehumet
Wu Jian
Yredelemnul
Zin
The Shining One
Jiyva

Shops:
D:2 (   D:6 :


Innate Abilities, Weirdness & Mutations

You are small and have problems with some larger weapons.
You are completely attuned to the shadows.


Message History

You hit the two-headed ogre.
The two-headed ogre is almost dead.
You barely miss the two-headed ogre.
The two-headed ogre is almost dead.
The spriggan completely misses you.
You puncture the two-headed ogre!
You kill the two-headed ogre!
Trog accepts your kill.
You are no longer berserk.
You are exhausted.
You feel yourself slow down.
Your Armour skill increases to level 5!
Your Stealth skill increases to level 8!
You have reached level 10!
You feel agile.
Aiming: Iceblast
Press: ? - help, Shift-Dir - straight line, f - spriggan
Aim: a spriggan, wielding a +0 trident The mass of ice explodes!
The iceblast engulfs the spriggan!
The spriggan is moderately wounded.
The spriggan hits you but does no damage.
The spriggan hits you from afar with a +0 trident!
The spriggan barely misses you.
Things that are here:
a +0 glaive; a +0 halberd; a two-headed ogre corpse You miss the spriggan.
The spriggan is lightly wounded.
The spriggan hits you with a +0 trident!
* * * LOW HITPOINT WARNING * * *
You barely miss the spriggan.
The spriggan is lightly wounded.
The spriggan completely misses you.
Aiming: Iceblast
Press: ? - help, Shift-Dir - straight line, p - spriggan The mass of ice explodes!
The iceblast engulfs the spriggan!
The spriggan is severely wounded.
You hear an angry hiss.
The spriggan misses you.
The spriggan hits you with a +0 trident!
You die...

..≈≈≈..#
..≈≈≈..#
..≈≈≈..# #≈..#
..≈≈≈..♣ #...#
..###..## #...#
..# ##."##
##..# .##
##).♣# ♣♣..##
##
##..##♣#♣♣#i.##
# ##.......@)##
##...)...##
#########


You could see a spriggan.

Vanquished Creatures
  A two-headed ogre (Bailey)
  Grinder (D:5)
  Prince Ribbit (D:5)
  2 spriggans (Bailey)
  Eustachio (D:5)
  Menkaure (D:5)
  3 black bears (D:6)
  2 ice beasts (D:5)
  A sky beast (D:6)
  3 ogres
  A phantom (D:6)
  A bullfrog (D:6)
  A scorpion (D:5)
  A jelly (D:5)
  Crazy Yiuf (D:3)
  2 hounds
  An iguana (D:4)
  3 orc wizards (D:6)
  7 gnolls
  6 adders
  A white imp (D:6)
  2 ufetubi
  2 worms
  10 orcs
  5 ball pythons
  6 bats
  7 endoplasms
  3 giant cockroaches
  9 hobgoblins
  4 jackals
  8 kobolds
  2 quokkas
  4 frilled lizards
  6 goblins
  6 rats
115 creatures vanquished.

Vanquished Creatures (collateral kills)
  A bullfrog (D:7)
  A jelly (D:7)
2 creatures vanquished.

Grand Total: 117 creatures vanquished

Notes
Turn   | Place    | Note
-------+----------+-------------------------------------------
     0 | D:1      | KristoblXynda the Kobold Berserker began the quest for the
                  | Orb.
     0 | D:1      | Reached XP level 1. HP: 14/14 MP: 1/1
   334 | D:1      | Reached XP level 2. HP: 19/19 MP: 2/2
   434 | D:1      | Reached skill level 1 in Stealth
  1016 | D:1      | Reached XP level 3. HP: 21/23 MP: 3/3
  1217 | D:1      | Found a faded altar of an unknown god.
  1418 | D:2      | Found Useipp's Weapon Shop.
  1479 | D:2      | Reached ** piety under Trog
  1573 | D:2      | Found a bloodstained altar of Trog.
  1663 | D:2      | Reached XP level 4. HP: 28/29 MP: 4/4
  2553 | D:3      | Found a shimmering blue altar of Sif Muna.
  2619 | D:3      | Reached XP level 5. HP: 14/33 MP: 5/5
  2622 | D:3      | Reached skill level 4 in Fighting
  3226 | D:3      | Found a snail-covered altar of Cheibriados.
  3620 | D:3      | Found a runed translucent door.
  3623 | D:3      | Noticed Crazy Yiuf
  3830 | D:3      | Killed Crazy Yiuf
  3831 | D:3      | Reached skill level 5 in Short Blades
  3984 | D:4      | Reached XP level 6. HP: 15/38 MP: 6/6
  4801 | D:4      | Found a white marble altar of Elyvilon.
  5090 | D:4      | Found a radiant altar of Vehumet.
  5352 | D:5      | Entered Level 5 of the Dungeon
  5416 | D:5      | Noticed Menkaure
  5421 | D:5      | Killed Menkaure
  5422 | D:5      | Reached skill level 5 in Fighting
  5422 | D:5      | Reached XP level 7. HP: 44/44 MP: 7/7
  5565 | D:5      | Identified the amulet "Iblunal" {Reflect +Inv rPois SH+5}
  6085 | D:5      | Found a staircase to the Ecumenical Temple.
  6112 | Temple   | Entered the Ecumenical Temple
  6308 | D:5      | Noticed Eustachio
  6316 | D:5      | Killed Eustachio
  6320 | D:5      | Reached skill level 6 in Fighting
  6320 | D:5      | Reached skill level 5 in Dodging
  6320 | D:5      | Reached XP level 8. HP: 51/51 MP: 8/8
  6395 | D:5      | Reached skill level 5 in Stealth
  6670 | D:5      | Noticed Grinder
  6673 | D:5      | Paralysed by Grinder for 2 turns
  6686 | D:5      | Paralysed by Grinder for 2 turns
  6693 | D:5      | Killed Grinder
  6864 | D:5      | Noticed Prince Ribbit
  6872 | D:5      | Killed Prince Ribbit
  6873 | D:5      | Reached skill level 7 in Fighting
  7333 | D:6      | Reached XP level 9. HP: 57/57 MP: 9/9
  7739 | D:6      | Found a bloodstained altar of Trog.
  7755 | D:6      | Found Piheora's Book Shoppe.
  7803 | D:6      | Reached skill level 8 in Fighting
  7894 | D:6      | Found a glowing golden altar of the Shining One.
  8058 | D:6      | Found an opulent altar of Gozag.
  8190 | D:7      | Found a flagged portal.
  8195 | Bailey   | Entered a bailey
  8809 | Bailey   | Reached skill level 9 in Fighting
  8873 | Bailey   | Noticed a two-headed ogre
  8895 | Bailey   | Killed a two-headed ogre
  8896 | Bailey   | Reached skill level 5 in Armour
  8896 | Bailey   | Reached XP level 10. HP: 29/66 MP: 10/10
  8900 | Bailey   | Slain by a spriggan

Illustrated notes

Levels and vault maps discovered:
D:1:      dpeg_arrival_shelter, layout_loops_ring, ebering_ecumenical_altar_mist
D:2:      layout_basic, basic_altar, serial_shops, nicolae_shop_behind_doors,
          minivault_27, minmay_crystal_water, hangedman_decor_diamond_cutter,
          minmay_misc_feat_columns, bh_walls_and_bars
D:3:      layout_rooms, led_sif_book, mainiacjoe_overflow_24_doors,
          kennysheep_generic_room_14, uniq_crazy_yiuf_cottage
D:4:      layout_basic, elyvilon_altar_1, nicolae_vehumet_altar_sigil,
          minmay_manual_mail
D:5:      layout_rooms, minmay_temple_entry_glassed_door, uniq_menkaure,
          uniq_grinder, uniq_eustachio, uniq_prince_ribbit1
D:6:      layout_rooms, kennysheep_mini_moat, trog_ov_bears_minmay,
          mainiacjoe_overflow_boulevard, serial_shops, shop
D:7:      layout_cave_pools, grunt_qazlal_clouds, enter_bailey_2
Temple:   pf_slimified_temple
Bailey:   bailey_polearm_enchanted_keep_hellmonk, bailey

Skill      XL: |  1  2  3  4  5  6  7  8  9 |
---------------+----------------------------+-----
Stealth        | 1 2 3 4 6 8 |  8.4
Dodging        | 3 4 5 6 7 |  7.6
Armour         | 2 3 4 5 |  5.1
Fighting       | 4 5 6 7 9 |  9.5
Short Blades   | 5 6 7 8 |  8.9

Action                   |  1- 3 |  4- 6 |  7- 9 | 10-12 || total
-------------------------+-------+-------+-------+-------++-------
Melee: Short sword       |    69 |   161 |   212 |     2 ||   444
       Punch             |       |       |     2 |       ||     2
Invok: Berserk           |     1 |     6 |     7 |       ||    14
Evoke: Wand              |       |       |       |     2 ||     2
  Use: Scroll            |       |     3 |    10 |       ||    13
 Stab: Sleeping          |    19 |     9 |    11 |       ||    39
Armor: Animal skin       |     8 |       |       |       ||     8
       Ring mail         |       |    37 |    35 |     1 ||    73
Dodge: Dodged            |    33 |   113 |    96 |     3 ||   245
Block: Other             |       |       |    33 |       ||    33

Table legend: (Time is in decaauts)
 A = Elapsed time spent in this place.
 B = Non-inter-level travel time spent in this place.
 C = Inter-level travel time spent in this place.
 D = Time resting spent in this place.
 E = Time spent auto-exploring this place.
 F = Levels seen in this place.
 G = Mean time per level.
                   A        B        C        D        E       F      G
               +--------+--------+--------+--------+--------+-----+--------+
         Total |   8943 |   8700 |    243 |   3073 |   4650 |   9 |  993.7 |
       Dungeon |   8083 |   7858 |    225 |   2464 |   4515 |   7 | 1154.7 |
        Temple |    162 |    144 |     18 |      0 |    135 |   1 |  162.0 |
        Bailey |    697 |    697 |      0 |    609 |      0 |   1 |  697.0 |
               +--------+--------+--------+--------+--------+-----+--------+

Top non-repeatable levels by time:
     D:5: 1737 daAuts
     D:3: 1582 daAuts
     D:4: 1454 daAuts
     D:1: 1316 daAuts
     D:2: 1038 daAuts
     D:6: 890 daAuts
  Bailey: 697 daAuts
  Temple: 162 daAuts
     D:7: 63 daAuts
